Map: [ESL] Site Delta

Players

Cure

  • Race: Terran Terran
  • Spawn Location: 5:00

Dark - Winner!

  • Race: Zerg Zerg
  • Spawn Location: 11:00

Event: ESL Spring 2024 Finals

VOD

Have the link to the VOD?

Description

Time

  • Played on: May 31, 2024, 6:36 p.m.
  • Length: 15:04

All games in this series

Show
View Real Time Build Order
Export as new Build Order

Cure Terran 

Build Orders: Hellion Opening, Reaper Expand 

Get SALT Encoding   

  12  0:00  SCV  
  13  0:12  SCV  
  14  0:16  Supply Depot  
  14  0:24  SCV  
  15  0:38  SCV  
  15  0:40  Barracks  
  15  0:42  Refinery  
  16  0:50  SCV  
  17  1:02  SCV  
  18  1:14  SCV  
  19  1:26  Orbital Command, Reaper  
  20  1:37  Command Center  
  20  1:47  Supply Depot  
  20  1:52  SCV  
  21  1:58  Marine  
  22  2:04  SCV  
  23  2:11  Factory  
  23  2:16  SCV  
  23  2:21  Barracks Reactor  
  24  2:28  SCV  
  25  2:35  Command Center  
  25  2:40  SCV  
  26  2:49  Orbital Command  
  26  2:53  SCV  
  26  2:56  Starport  
  27  3:03  Hellion  
  27  3:05  Hellion  
  31  3:07  SCV  
  31  3:11  Refinery  
  31  3:12  Marine  
  32  3:15  SCV  
  32  3:19  SCV  
  35  3:27  Hellion x2  
  39  3:30  SCV  
  39  3:31  SCV  
  39  3:33  Viking  
  43  3:35  Barracks Tech Lab  
  43  3:42  SCV  
  43  3:43  SCV  
  45  3:49  Orbital Command  
  45  3:52  Hellion x2  
  45  3:55  Marauder  
  51  3:59  Supply Depot  
  51  4:09  Armory  
  51  4:15  SCV x3  
  54  4:18  Marine  
  55  4:24  Stimpack  
  55  4:27  SCV x3  
  58  4:31  Factory Reactor  
  58  4:37  Refinery  
  58  4:39  SCV x3, Barracks  
  58  4:40  Barracks  
  58  4:41  Marine  
  58  4:42  Starport Reactor  
  62  4:46  Refinery  
  62  4:47  Supply Depot  
  62  4:51  SCV x3  
  65  5:00  Engineering Bay  
  65  5:01  Marine, Engineering Bay  
  65  5:03  SCV x2  
  65  5:04  Orbital Command  
  68  5:15  SCV x2  
  68  5:16  Factory Reactor  
  68  5:18  Supply Depot  
  68  5:19  Barracks  
  68  5:21  Barracks  
  70  5:23  Marine  
  70  5:24  Medivac x2  
  70  5:27  SCV  
  70  5:28  SCV  
  77  5:36  Terran Infantry Weapons Level 1, Terran Infantry Armor Level 1  
  77  5:39  SCV x2  
  77  5:41  Supply Depot  
  79  5:45  Supply Depot, SCV  
  80  5:52  Supply Depot, SCV, Marine x4  
  85  6:02  Marine, Medivac x2  
  85  6:03  SCV, Widow Mine  
  93  6:07  SCV x2, Refinery, Widow Mine  
  93  6:09  Barracks Reactor x2  
  97  6:13  Supply Depot, Marine x2  
  97  6:15  Supply Depot, Combat Shield, Marine  
  97  6:18  SCV  
  101  6:19  SCV  
  101  6:20  SCV  
  103  6:30  Widow Mine x2  
  107  6:33  SCV x2  
  107  6:34  SCV  
  107  6:37  Supply Depot, Factory  
  107  6:38  Supply Depot, Marine x5  
  115  6:48  SCV x3  
  115  6:49  Armory  
  118  6:56  Marine x3  
  118  6:58  Command Center  
  118  7:01  Marine x4  
  129  7:08  SCV x3  
  129  7:19  Marine x4  
  129  7:22  Refinery  
  129  7:24  Supply Depot x2, Marine x2  
  129  7:25  Marine x2  
  129  7:27  Medivac x2  
  129  7:28  Widow Mine, Factory Tech Lab  
  129  7:29  Widow Mine  
  141  7:38  Terran Infantry Armor Level 2, Terran Infantry Weapons Level 2  
  141  7:42  Sensor Tower  
  141  7:45  SCV x3  
  141  7:48  Supply Depot, Concussive Shells  
  136  7:53  Supply Depot  
  136  7:55  Marine x3  
  136  7:56  Marine x2, Marauder  
  143  8:00  Marine x2  
  145  8:07  Widow Mine x2, Drilling Claws  
  145  8:08  Widow Mine  
  152  8:12  SCV  
  152  8:13  SCV x2  
  154  8:22  Terran Vehicle And Ship Armor Level 1  
  154  8:28  Barracks x2  
  154  8:29  Barracks  
  154  8:32  Marine x4  
  154  8:33  Marine x4, Marauder  
  162  8:36  Medivac x2  
  162  8:41  Planetary Fortress, SCV x3  
  169  8:57  Marine x6, Marauder  
  169  8:58  Widow Mine x3  
  169  9:02  SCV x3  
  164  9:05  Medivac  
  164  9:06  Medivac  
  168  9:10  Sensor Tower  
  165  9:17  Barracks Tech Lab x3  
  165  9:18  Marauder  
  165  9:19  Marine x6  
  173  9:34  Ghost Academy, Command Center  
  173  9:40  Marauder, Widow Mine x3  
  173  9:41  Viking x2  
  185  9:46  Marauder  
  185  9:48  Supply Depot  
  185  9:49  Supply Depot  
  187  9:53  Marine  
  187  9:59  Marine x2, Marauder  
  188  10:09  Marine x6  
  188  10:10  Marine, Marauder  
  188  10:11  Marauder  
  199  10:17  Marine  
  197  10:21  Marine x2  
  197  10:27  Marine x5  
  197  10:28  Marine, Marauder  
  198  10:30  Terran Infantry Armor Level 3, Terran Infantry Weapons Level 3  
  198  10:34  Marine  
  200  10:40  Marauder  
  200  10:42  Ghost x2  
  198  10:45  Widow Mine x2  
  199  10:55  Terran Vehicle And Ship Armor Level 2  
  199  10:58  Refinery  
  199  10:59  Refinery  
  199  11:00  Command Center  
  199  11:02  Command Center x2  
  193  11:05  Ghost x2  
  193  11:06  Personal Cloaking  
  195  11:30  Ghost x2  
  195  11:31  Marine x4  
  195  11:32  Marine x2  
  197  11:34  Marine x3  
  200  11:43  Fusion Core, Starport  
  200  11:44  Starport  
  186  12:01  Marine x2  
  186  12:02  Marine x2  
  186  12:03  Marine x4, Widow Mine x2  
  186  12:04  Marauder x2  
  197  12:11  Marine, Marauder  
  196  12:17  Widow Mine  
  196  12:19  Marine x4  
  200  12:24  Orbital Command x2  
  200  12:25  Orbital Command  
  200  12:29  Marauder  
  194  12:30  Marine x2  
  194  12:31  Marine x3, Marauder  
  194  12:38  Marine x2, Ghost  
  194  12:39  Marine x2  
  194  12:40  Widow Mine  
  196  12:47  Ghost Academy  
  196  12:49  Widow Mine x2  
  200  12:57  Missile Turret  
  198  12:59  Sensor Tower  
  198  13:02  Missile Turret  
  195  13:15  Marine x2, Ghost x2  
  195  13:16  Marine x2, Marauder x2  
  195  13:19  Marine x4  
  161  13:32  Liberator x2, Widow Mine x2  
  161  13:33  Marine x4  
  173  13:36  Marine x2  
  173  13:37  Marine x2, Ghost x2  
  181  13:44  Marauder x2  
  181  13:46  Starport Reactor  
  185  13:51  Marine x4, Widow Mine  
  185  13:52  Liberator  
  185  13:54  Marine, Widow Mine x2  
  199  14:07  Fusion Core  
  199  14:13  Missile Turret  
  199  14:22  Ghost  
  199  14:23  Ghost  
  177  14:24  Marine x4  
  177  14:25  Marauder x2  
  177  14:27  Marine x4  
  121  14:42  Marine x4  
  121  14:45  Marine x4  
Show
View Real Time Build Order
Export as new Build Order

Dark Zerg - Winner!

Build Orders: Hatch First 

Get SALT Encoding   

  12  0:00  Drone  
  13  0:12  Overlord  
  13  0:16  Drone  
  14  0:30  Drone x2  
  16  0:47  Hatchery  
  15  0:51  Drone  
  15  0:54  Drone  
  17  0:58  Drone  
  18  1:08  Extractor  
  17  1:13  Spawning Pool  
  17  1:15  Drone  
  17  1:19  Drone  
  18  1:29  Drone  
  19  1:39  Drone  
  20  1:49  Drone  
  21  1:59  Queen  
  21  2:00  Queen  
  25  2:02  Zergling x4  
  27  2:12  Overlord  
  27  2:14  Drone  
  28  2:19  Hatchery  
  27  2:24  Drone  
  28  2:32  Drone x2  
  28  2:33  Drone  
  30  2:39  Queen  
  32  2:45  Overlord  
  32  2:46  Drone  
  32  2:49  Metabolic Boost  
  33  2:56  Drone x2  
  35  3:03  Queen  
  35  3:05  Drone x2  
  39  3:12  Drone x3  
  42  3:28  Drone  
  42  3:30  Queen x2  
  42  3:32  Drone x2  
  42  3:34  Overlord  
  49  3:51  Queen  
  49  3:52  Drone x2  
  49  3:53  Drone x4  
  57  3:58  Overlord  
  57  4:00  Overlord  
  57  4:03  Overlord  
  57  4:09  Overlord  
  57  4:11  Overlord  
  57  4:13  Overlord  
  57  4:15  Overlord  
  57  4:18  Drone x4  
  57  4:21  Zergling x2  
  57  4:22  Roach Warren, Zergling x4  
  63  4:28  Drone x2, Lair  
  65  4:31  Extractor  
  65  4:32  Drone, Extractor  
  64  4:39  Zergling x2  
  64  4:40  Drone x6  
  64  4:42  Drone  
  64  4:43  Drone  
  73  4:49  Drone  
  73  4:50  Drone  
  73  4:51  Drone  
  76  4:56  Spore Crawler, Hatchery  
  74  5:01  Drone x3  
  74  5:03  Roach  
  80  5:07  Drone x2  
  80  5:11  Drone x3  
  80  5:12  Drone  
  85  5:17  Roach x3  
  85  5:19  Drone  
  85  5:20  Drone  
  93  5:28  Drone x2  
  93  5:33  Glial Reconstitution  
  95  5:35  Extractor x2  
  95  5:36  Extractor  
  95  5:37  Drone x2  
  95  5:38  Evolution Chamber x2  
  91  5:42  Infestation Pit  
  91  5:44  Hatchery  
  89  5:53  Roach x5  
  99  5:58  Drone x2  
  99  5:59  Drone  
  99  6:03  Zerg Melee Weapons Level 1  
  102  6:07  Drone  
  103  6:12  Drone  
  103  6:13  Drone x5  
  103  6:15  Drone x2  
  103  6:17  Overlord x4  
  111  6:19  Hive  
  111  6:21  Baneling Nest  
  110  6:30  Overlord x2  
  110  6:31  Overlord  
  110  6:34  Drone  
  110  6:37  Roach x2  
  110  6:38  Roach x2  
  119  6:42  Roach x3  
  119  6:43  Zergling x12  
  119  6:44  Zerg Ground Armor Level 1  
  131  6:49  Zergling x2  
  131  6:50  Zergling x4  
  131  6:51  Ravager x3  
  131  6:54  Zergling x4  
  139  7:01  Drone x3  
  139  7:02  Drone  
  139  7:03  Drone  
  139  7:05  Zergling x4  
  144  7:15  Ravager  
  139  7:16  Zergling x16  
  139  7:18  Infestor x3  
  139  7:19  Zergling x2  
  139  7:20  Zergling x6  
  139  7:21  Spore Crawler, Drone  
  157  7:25  Spore Crawler  
  157  7:26  Zergling x10  
  161  7:30  Drone  
  161  7:31  Drone  
  161  7:33  Spore Crawler  
  161  7:34  Zergling x2  
  161  7:36  Viper  
  166  7:40  Viper  
  166  7:42  Zergling x8  
  173  7:48  Overlord  
  173  7:53  Baneling x4  
  173  7:54  Centrifugal Hooks  
  173  7:55  Overlord x2  
  172  8:01  Overlord  
  171  8:06  Zerg Melee Weapons Level 2  
  171  8:08  Overlord  
  171  8:09  Overlord  
  171  8:11  Overlord  
  171  8:14  Burrow  
  171  8:16  Zergling x14  
  171  8:17  Zergling x22  
  189  8:20  Extractor  
  188  8:29  Ultralisk Cavern  
  188  8:33  Overseer  
  187  8:36  Adrenal Glands  
  187  8:37  Zergling x26  
  187  8:39  Baneling x2  
  187  8:40  Baneling  
  197  8:58  Zergling x20  
  197  9:00  Baneling x2  
  200  9:04  Pneumatized Carapace  
  198  9:12  Hatchery  
  198  9:17  Zergling x18  
  196  9:21  Baneling  
  199  9:27  Chitinous Plating  
  199  9:33  Zergling x2  
  200  9:45  Baneling x4  
  200  9:46  Zerg Ground Armor Level 2  
  192  10:00  Zergling x14  
  192  10:01  Overseer  
  192  10:02  Overlord  
  194  10:23  Zergling x14  
  194  10:26  Zerg Melee Weapons Level 3  
  197  10:30  Baneling x10  
  197  10:34  Drone  
  193  10:46  Anabolic Synthesis  
  184  10:50  Zergling x2  
  184  10:51  Zergling x28  
  198  11:15  Hatchery  
  198  11:17  Infestor  
  186  11:31  Baneling x11  
  180  11:33  Zergling x38  
  199  11:44  Hatchery  
  198  11:47  Baneling x9  
  192  12:00  Ultralisk x2  
  198  12:05  Zergling x2  
  198  12:07  Zerg Ground Armor Level 3  
  198  12:13  Zergling x6  
  197  12:17  Zergling x4  
  197  12:24  Nydus Network  
  182  12:31  Ultralisk x2  
  182  12:32  Zergling x12  
  182  12:33  Zergling x2  
  195  12:39  Zergling x16  
  195  12:41  Infestor, Overlord  
  198  12:44  Zergling x2  
  198  12:45  Zergling x2  
  198  12:47  Infestor  
  198  12:50  Infestor  
  199  12:51  Baneling  
  199  12:52  Baneling x9  
  199  12:57  Zergling x6  
  199  13:03  Zerg Missile Weapons Level 1  
  198  13:07  Baneling x7  
  198  13:11  Zergling x2  
  198  13:12  Zergling x2  
  155  13:22  Ultralisk x8  
  155  13:23  Zergling x8  
  191  13:31  Zergling x16  
  195  13:37  Zergling x4  
  196  13:42  Zergling x2  
  196  13:43  Zergling x2  
  196  13:46  Zergling x2, Nydus Canal  
  196  13:47  Zergling x6  
  200  13:48  Baneling  
  200  13:49  Baneling x7  
  198  13:57  Zergling x4  
  199  14:11  Baneling x4  
  199  14:12  Overseer x2  
  199  14:16  Nydus Canal  
  173  14:27  Zergling x42  
  187  14:38  Zergling x10  
  175  14:45  Nydus Canal  
Tags
 
Add a new tag
Caveats
  • Supply blocks, unpowered buildings, or Contaminate may cause inaccurate times.
  • Supply counts are checked every 10 seconds.